 Dungeon Crawl Stone Soup version 0.30-a0-799-g109b55a442 (webtiles) character file.

Game seed: 82606332015775967

101 tgirl the Shooter (level 4, -3/23 HPs)
             Began as a Spriggan Hunter on Feb 21, 2023.
             Slain by a gnoll
             ... wielding a +0 flail
             ... led by a gnoll bouda
              (7 damage)
             ... on level 3 of the Dungeon.
             The game lasted 00:03:32 (2420 turns).

tgirl the Shooter (Spriggan Hunter)                 Turns: 2420, Time: 00:03:33

Health: -3/23      AC:  2    Str:  7    XL:     4   Next: 48%
Magic:  6/6        EV: 19    Int: 10    God:
Gold:   226        SH:  0    Dex: 26    Spells: 4/4 levels left

rFire   . . .      SeeInvis +    a - +0 shortbow
rCold   . . .      Faith    .    (shield currently unavailable)
rNeg    . . .      Spirit   .    c - +0 robe
rPois   .          Reflect  .    (helmet restricted)
rElec   .          Harm     .    (no cloak)
rCorr   .          Rampage  .    (gloves unavailable)
Will    .....                    (boots unavailable)
Stlth   +++                      s - amulet of the acrobat
HPRegen 0.23/turn                g - +6 ring of dexterity
MPRegen 0.10/turn                (no ring)

@: very quick
A: very small, no large weapons, unfitting armour, see invisible, speed 3
a: no special abilities


You were on level 3 of the Dungeon.
You visited 1 branch of the dungeon, and saw 4 of its levels.

You collected 226 gold pieces.

Inventory:

Hand Weapons
 a - a +0 shortbow (weapon)
Armour
 c - a +0 robe (worn)
Jewellery
 g - a +6 ring of dexterity (left hand)
 h - a ring of fire
 n - an amulet of reflection
 s - an amulet of the acrobat (around neck)
Scrolls
 b - 2 scrolls of immolation
 d - a scroll of brand weapon {unknown}
 f - 7 scrolls of identify {unknown}
 i - a scroll of torment {unknown}
 j - 2 scrolls of enchant weapon {unknown}
 k - 2 scrolls of poison {unknown}
Potions
 e - a potion of brilliance {unknown}
 l - a potion of flight {unknown}
 m - 2 potions of curing {unknown}
 o - 3 potions of lignification {unknown}
 p - a potion of magic {unknown}
 q - 2 potions of mutation {unknown}
 r - a potion of heal wounds {unknown}


   Skills:
 + Level 2.2 Fighting
 + Level 5.4 Ranged Weapons
 + Level 3.1 Dodging
 + Level 1.6 Stealth
 * Level 0.8 Spellcasting


You had 4 spell levels left.
You didn't know any spells.
Your spell library was empty.

Dungeon Overview and Level Annotations

Branches:
Dungeon (4/15)
 Temple: D:4-7

Altars:
Elyvilon
Gozag
Makhleb
Uskayaw

Shops:
D:3 *


Innate Abilities, Weirdness & Mutations

You are very small and have problems with some larger weapons.
You are too small for most types of armour.
You have supernaturally acute eyesight. (SInv)
You cover ground extremely quickly. (Speed+++)


Message History

You shoot an arrow. The gnoll shouts!
The arrow hits the gnoll bouda.
The gnoll bouda is heavily wounded.
A gnoll comes into view. It is wielding a +0 flail.
You shoot an arrow.
The arrow hits the gnoll but does no damage.
You shoot an arrow. The arrow hits the gnoll!
The gnoll is severely wounded.
A ball python comes into view.
The gnoll misses you.
The gnoll bouda gazes fiercely through you!
You feel your attacks grow feeble.
There is a stone staircase leading up here.
The gnoll bouda calls upon its god to heal the gnoll.
The gnoll is healed somewhat.
The gnoll hits you with a +0 club.
You climb upwards.
There is a stone staircase leading down here.
There is a stone staircase leading down here.
You climb downwards.
Your attacks no longer feel as feeble.
The gnoll hits you with a +0 club! The gnoll hits you with a +0 flail!
The gnoll completely misses you.
There is a stone staircase leading up, spattered with blood here.
The ball python hisses angrily.
The gnoll closely misses you. The gnoll hits you with a +0 club.
* * * LOW HITPOINT WARNING * * *
The gnoll completely misses you. The gnoll barely misses you.
You climb upwards.
There is a stone staircase leading down here.
You are too injured to fight recklessly!
Fire: a) +0 shortbow
Press: ? - help, Q - select action Shift-Dir - straight line You shoot an arrow.
The arrow hits the gnoll but does no damage.
The gnoll is no longer moving quickly.
The gnoll completely misses you. The gnoll hits you with a +0 club.
* * * LOW HITPOINT WARNING * * *
The gnoll hits you with a +0 flail!
You die...

##########
.........###
.......P...#
...........##
............######
......P...P†[.gg@#
...........#####g#
.........### #.#
.......#.# #.#
#'######## #.# #.#
##_## #.# #.#
#...# #.#
#.#####'#### #.#
#.##.#...#.## #.#


You could see 3 gnolls.

Vanquished Creatures
  2 adders
  A gnoll (D:1)
  An ufetubus (D:3)
  A worm (D:2)
  A dart slug (D:1)
  4 orcs (D:3)
  5 endoplasms
  A giant cockroach (D:1)
  6 goblins
  7 hobgoblins
  7 jackals
  4 kobolds
  2 quokkas (D:1)
  2 ball pythons (D:1)
  2 bats (D:1)
  3 frilled lizards
  7 rats
56 creatures vanquished.

Vanquished Creatures (others)
  11 fungi (D:3)
  2 toadstools (D:3)
13 creatures vanquished.

Grand Total: 69 creatures vanquished

Notes
Turn   | Place    | Note
-------+----------+-------------------------------------------
     0 | D:1      | tgirl the Spriggan Hunter began the quest for the Orb.
     0 | D:1      | Reached XP level 1. HP: 10/10 MP: 2/2
   111 | D:1      | Reached XP level 2. HP: 14/14 MP: 3/3
   442 | D:1      | Reached XP level 3. HP: 18/18 MP: 4/4
   722 | D:2      | Reached skill level 5 in Ranged Weapons
   734 | D:2      | Found an opulent altar of Gozag.
  1719 | D:3      | Found a faded altar of an unknown god.
  1757 | D:3      | Reached XP level 4. HP: 23/23 MP: 6/6
  1915 | D:3      | Found a hide-covered altar of Uskayaw.
  1918 | D:3      | Found a white marble altar of Elyvilon.
  1923 | D:3      | Found a burning altar of Makhleb.
  2189 | D:3      | Found Uwaottun's Assorted Antiques.
  2420 | D:3      | Slain by a gnoll

Illustrated notes

Levels and vault maps discovered:
D:1:      roderic_octagonal_star, layout_loops_ring
D:2:      layout_basic, basic_altar
D:3:      layout_basic, grunt_temple_overflow_diamond, serial_shops,
          nicolae_shop_advertising_works [nicolae_subvault_shop_adworks],
          dreamdust_ecumenical_altar_angels_and_demons, minmay_gold_behind_fungi
D:4:      layout_basic, lemuel_coloured_pillars_altar, minmay_unequal,
          uniq_eustachio

Skill      XL: |  1  2  3  4 |
---------------+-------------+-----
Ranged Weapons | 5 |  5.4
Dodging        | 3 |  3.1
Fighting       | 2 |  2.2
Stealth        | |  1.6
Spellcasting   | |  0.8

Action                     |  1- 3 |  4- 6 || total
---------------------------+-------+-------++-------
   Fire: Shortbow          |    91 |    39 ||   130
 Armour: Robe              |     1 |     1 ||     2
  Dodge: Dodged            |    18 |    11 ||    29

Table legend: (Time is in decaauts)
 A = Elapsed time spent in this place.
 B = Non-inter-level travel time spent in this place.
 C = Inter-level travel time spent in this place.
 D = Time resting spent in this place.
 E = Time spent auto-exploring this place.
 F = Levels seen in this place.
 G = Mean time per level.
                   A        B        C        D        E       F      G
               +--------+--------+--------+--------+--------+-----+--------+
         Total |   1601 |   1583 |     18 |      0 |   1287 |   4 |  400.2 |
       Dungeon |   1601 |   1583 |     18 |      0 |   1287 |   4 |  400.2 |
               +--------+--------+--------+--------+--------+-----+--------+

Top non-repeatable levels by time:
     D:2: 634 daAuts
     D:1: 466 daAuts
     D:3: 442 daAuts
     D:4: 58 daAuts
